AoeStats
← Stanko2026

Hideout

508500923Analyzed
1v1 RM · 10d ago on Sep 22, 2026· 68m 24s· 2 players
Game mode
Random Map
Map size
Tiny (2 player)
Population
200
Speed
Normal
Resources
Standard
Victory
Conquest
Starting age
Dark Age
Ending age
Imperial Age
RankedLock teamsTeams togetherTeam positionsShared explorationLock speedFull tech treeHidden civsTurbo modeCheats
Victory
Defeat
🇨🇭 Portuguese · Switzerland
707
+18
🇩🇪 Burgundians · Germany
754
-18
mraxou85
0:27 Loom
3:37 Loom
10:02 Loom
12:22 Feudal Age
16:49 Castle Age
15:27 Double-Bit Axe
15:44 Fletching
15:40 Horse Collar
18:56 Scale Mail Armor
22:07 Arson
24:02 Pikeman
27:39 Town Watch
29:42 Forging
30:23 Bloodlines
30:54 Gold Mining
32:46 Bodkin Arrow
32:58 Scale Barding Armor
33:59 Wheelbarrow
35:09 Masonry
35:12 Padded Archer Armor
37:03 Bow Saw
37:43 Circumnavigation
41:08 Imperial Age
39:01 Husbandry
39:20 Heavy Plow
39:49 Ballistics
41:56 Treadmill Crane
43:17 Chemistry
42:39 Chain Mail Armor
43:28 Stone Mining
44:08 Conscription
46:21 Hand Cart
46:49 Iron Casting
46:42 Light Cavalry
48:30 Elite Organ Gun
48:50 Halberdier
50:01 Siege Engineers
53:57 Stone Shaft Mining
54:29 Blast Furnace
54:01 Plate Mail Armor
54:08 Town Patrol
54:34 Chain Barding Armor
55:45 Two-Man Saw
55:21 Crop Rotation
58:41 Bombard Tower
60:18 Plate Barding Armor
63:23 Murder Holes
63:59 Architecture
Stanko2026
0:27 Loom
8:52 Double-Bit Axe
8:53 Horse Collar
9:32 Double-Bit Axe
15:33 Feudal Age
15:48 Gold Mining
15:48 Stone Mining
16:27 Bow Saw
16:18 Heavy Plow
16:49 Arson
20:04 Gold Shaft Mining
20:04 Stone Shaft Mining
21:33 Fletching
21:44 Padded Archer Armor
21:50 Scale Barding Armor
23:55 Castle Age
25:20 Crop Rotation
24:14 Elite Skirmisher
24:16 Pikeman
24:56 Squires
28:43 Burgundian Vineyards
29:07 Bodkin Arrow
29:28 Leather Archer Armor
29:14 Scale Mail Armor
29:20 Scale Barding Armor
29:25 Forging
34:46 Two-Man Saw
37:30 Imperial Age
37:46 Murder Holes
39:07 Conscription
39:52 Chemistry
38:59 Treadmill Crane
39:31 Fortified Wall
40:19 Ballistics
42:25 Hoardings
41:34 Light Cavalry
42:15 Husbandry
42:26 Onager
47:57 Arrowslits
48:25 Fortified Wall
47:51 Halberdier
53:05 Hussar
54:12 Chain Barding Armor
54:07 Chain Mail Armor
54:28 Iron Casting
53:53 Bracer
Connection lost

Rejoining the realm…

Still unreachable

The connection could not be restored.

Session expired

The server has moved on; the page needs a fresh start.